AoeStats
← Msp

Nomad

506917102Analyzed
3v3 RM · 17d ago on Sep 15, 2026· 39m 38s· 6 players
Game mode
Random Map
Map size
210×210
Population
200
Speed
Normal
Resources
Standard
Victory
Conquest
Starting age
Dark Age
Ending age
Imperial Age
RankedLock teamsTeams togetherTeam positionsShared explorationLock speedFull tech treeHidden civsTurbo modeCheats
Victory
Defeat
🇫🇷 Malians · France
1479
+10
🇫🇷 Italians · France
1429
+12
🇫🇷 Koreans · France
1377
+14
🇨🇭 Japanese · Switzerland
1403
-16
🇵🇪 Koreans · Peru
1347
-12
🇮🇪 Lithuanians · Ireland
1238
-8
atchoubaka
6:15 Loom
14:03 Feudal Age
18:41 Castle Age
17:25 Fletching
20:03 Bodkin Arrow
23:20 Double-Bit Axe
30:18 Bow Saw
31:45 Ballistics
32:52 Wheelbarrow
37:07 Hand Cart
40:37 Imperial Age
38:58 Gold Mining
39:19 Horse Collar
virustg
5:00 Loom
12:55 Feudal Age
13:46 Double-Bit Axe
16:16 Town Watch
20:38 Castle Age
19:31 Fletching
21:17 Bodkin Arrow
21:36 Medium Warships
21:07 Fishing Lines
22:50 Wheelbarrow
29:31 Scale Barding Armor
30:43 Bloodlines
30:33 Husbandry
30:54 Chain Barding Armor
35:31 Imperial Age
34:31 Forging
37:30 Hand Cart
38:08 Capped Ram
39:55 Plate Barding Armor
39:37 Heavy Camel Rider
Msp
5:30 Loom
13:01 Feudal Age
18:20 Castle Age
17:08 Fletching
17:14 Gold Mining
17:43 Double-Bit Axe
19:19 Bodkin Arrow
20:39 Bow Saw
27:27 Stone Mining
28:56 Fishing Lines
30:18 Town Watch
31:04 Horse Collar
33:12 Wheelbarrow
35:31 Imperial Age
33:16 Gillnets
35:26 Padded Archer Armor
37:23 Conscription
38:46 Chemistry
38:08 Ballistics
37:51 Bracer
38:36 Stone Shaft Mining
38:30 Hand Cart
38:30 Heavy Plow
39:29 Scale Mail Armor
39:39 Forging
39:44 Leather Archer Armor
39:36 Treadmill Crane
Langley^
6:25 Loom
12:50 Feudal Age
16:59 Castle Age
35:52 Scale Barding Armor
35:58 Forging
41:01 Imperial Age
40:00 Chain Barding Armor
percy_bysshe
6:28 Loom
14:49 Feudal Age
19:03 Castle Age
19:31 Fletching
21:51 Double-Bit Axe
23:53 Bow Saw
39:09 Imperial Age
37:39 Gold Mining
37:37 Pikeman
38:18 Squires
38:06 Arson
38:06 Gambesons
39:25 Scale Mail Armor
39:35 Forging
taerue
5:18 Loom
12:41 Feudal Age
13:27 Double-Bit Axe
21:02 Castle Age
21:06 Fletching
22:50 Guard Tower
24:26 Bodkin Arrow
25:58 Bow Saw
32:02 Wheelbarrow
32:12 Horse Collar
38:05 Imperial Age
38:06 Ballistics
39:52 Keep
Connection lost

Rejoining the realm…

Still unreachable

The connection could not be restored.

Session expired

The server has moved on; the page needs a fresh start.